Predators vs Golden Knights (R1)

Created - February 19, 2020 at 19:00

Goals
1 2 3 T
Predators 2 0 1 3
Golden Knights 0 1 1 2
Shots
1 2 3 T
Predators 9 14 12 35
Golden Knights 9 7 8 24

1st period

1. Predators , Niclas Bergfors 23 (James Van Riemsdyk 12, John Moore 16) at 0:51 (PP)
2. Predators , Mikael Granlund 19 (Niclas Bergfors 21, Viktor Fasth) at 5:58 (PP)

Penalties :
Matt Stajan (Vgs) for Hooking (Minor) at 0:22, Vladimir Mihalik (Vgs) for Hooking (Minor) at 1:25, Steve Bernier (Vgs) for Tripping (Minor) at 5:26, James Van Riemsdyk (Nas) for High sticking (Minor) at 17:12, Steve Bernier (Vgs) for Holding (Minor) at 19:35

2nd period

3. Golden Knights , Michael Frolik 22 (Michael Kostka 18) at 17:42

Penalties :
Jakub Kindl (Vgs) for Hooking (Minor) at 6:09, Ryan Murray (Nas) for High sticking (Minor) at 8:56, Byron Bitz (Nas) for Cross-checking (Minor) at 11:57, Alexander Ovechkin (Nas) for Hooking (Minor) at 15:36, Wayne Simmonds (Vgs) for High sticking (Minor) at 17:54

3rd period

4. Predators , Alexander Steen 8 (Ryan Murray 8, Andy Miele 7) at 4:35
5. Golden Knights , Michael Frolik 23 (Matt Stajan 11) at 12:49

Penalties :
Zach Bogosian (Vgs) for Hooking (Minor) at 14:31, Mathew Dumba (Vgs) for Goalie Interference (Minor) at 18:48

Goalie Stats

Viktor Fasth (Nas), 22 saves from 24 shots - (0.917), W, 21-11-3, 60:00 minutes
Robin Lehner (Vgs), 32 saves from 35 shots - (0.914), L, 17-15-6, 60:00 minutes

Players Stats for Predators

Player Name              G  A  P  +/- PIM S  H  SB GA TA FO     MP     PP MP  PK MP  
------------------------------------------------------------------------------------
Adam Burish              0  0  0   0  0   1  0  0  0  0  0/0    11:03   0:01   4:34 
Alexander Edler          0  0  0   0  0   2  0  4  0  2  0/0    27:05   6:43   3:50 
Alexander Ovechkin       0  0  0  -2  2   3  3  1  0  0  0/1    23:46   6:40   2:21 
Alexander Steen          1  0  1   1  0   3  0  0  0  0  0/0     7:19   0:00   0:17 
Andy Miele               0  1  1   1  0   4  2  0  0  0  6/8    12:14   0:12   4:34 
Brendan Gallagher        0  0  0  -2  0   2  2  2  0  0  0/2    23:14   6:29   1:59 
Byron Bitz               0  0  0   0  2   0  2  1  0  0  0/1     8:55   0:00   1:47 
Denis Grebeshkov         0  0  0   0  0   0  0  2  0  0  0/0     9:27   0:00   0:20 
James Van Riemsdyk       0  1  1   0  2   1  1  1  0  0  0/0    17:07   5:26   0:00 
John Moore               0  1  1  -1  0   1  0  4  1  0  0/0    23:25   5:24   3:44 
Justin Abdelkader        0  0  0   0  0   3  1  0  0  0  0/1     6:02   0:00   0:00 
Mikael Granlund          1  0  1   0  0   1  4  1  0  0  8/14   17:53   5:27   0:20 
Nate Schmidt             0  0  0  -1  0   2  2  0  0  0  0/0    13:04   0:00   3:46 
Niclas Bergfors          1  1  2   0  0   2  4  0  0  0  1/1    17:07   5:26   0:00 
Nik Antropov             0  0  0   0  0   0  0  0  0  1  0/2     6:02   0:00   0:00 
Ryan Kesler              0  0  0  -1  0   3  2  0  0  1  19/36  21:16   6:40   0:00 
Ryan Mcdonagh            0  0  0   0  0   7  4  1  1  0  0/0    27:05   6:43   3:50 
Ryan Murray              0  1  1   0  2   0  2  0  0  0  0/0    19:56   5:24   0:22 

Players Stats for Golden Knights

Player Name              G  A  P  +/- PIM S  H  SB GA TA FO     MP     PP MP  PK MP  
------------------------------------------------------------------------------------
Alex Tanguay             0  0  0   0  0   1  3  0  0  0  0/0    12:55   0:08   0:13 
Andrei Loktionov         0  0  0   1  0   2  3  0  1  0  4/8    13:24   3:20   0:00 
Brandon Bollig           0  0  0   1  0   1  1  0  0  1  0/0    10:01   0:00   0:00 
Chris Higgins            0  0  0   0  0   2  0  0  0  0  0/0     9:26   4:31   0:00 
Damien Brunner           0  0  0   0  0   1  2  0  0  0  8/12   11:46   0:00   5:53 
Ilya Kovalchuk           0  0  0   0  0   2  1  1  0  0  0/0    21:00   3:20   5:50 
Jakub Kindl              0  0  0  -1  2   0  2  1  0  0  0/0    14:32   0:00   0:00 
Jared Cowen              0  0  0   1  0   3  0  1  1  0  0/0    25:12   3:32   6:12 
Mathew Dumba             0  0  0   0  2   0  0  0  0  0  0/0    18:25   0:00   5:38 
Matt Stajan              0  1  1   0  2   2  2  0  0  0  10/21  16:13   4:33   0:03 
Michael Frolik           2  0  2   1  0   4  0  0  0  0  0/3    20:05   3:20   6:04 
Michael Kostka           0  1  1   2  0   0  1  3  0  0  0/0    22:44   3:32   6:12 
Patrice Cormier          0  0  0   0  0   0  1  1  0  1  0/4    12:06   0:00   6:04 
Steve Bernier            0  0  0   0  4   1  0  0  0  0  1/1    11:57   0:08   0:00 
Vincent Lecavalier       0  0  0   0  0   2  1  0  1  0  9/17   11:45   0:00   0:00 
Vladimir Mihalik         0  0  0   1  2   0  0  1  0  0  0/0    16:46   4:24   1:33 
Wayne Simmonds           0  0  0   0  2   2  0  0  1  0  0/0    16:20   4:28   0:07 
Zach Bogosian            0  0  0  -1  2   1  0  3  0  0  0/0    23:08   4:24   4:39 

3 Stars

1 - Michael Frolik (Vgs)
2 - Niclas Bergfors (Nas)
3 - Mikael Granlund (Nas)

Power Play

Predators - 2 on 8 Attempt(s) - 25.00%
Golden Knights - 0 on 4 Attempt(s) - 0.00%

Penalty Kill

Predators - 4 on 4 Attempt(s) - 100.00% - Score 0 goal in Penalty Kill
Golden Knights - 6 on 8 Attempt(s) - 75.00% - Score 0 goal in Penalty Kill

Team Stat

Predators - Hits : 29 - Faceoff Wins : 34 - Blocked Shots : 17 - Penalty Minutes : 8
Golden Knights - Hits : 17 - Faceoff Wins : 32 - Blocked Shots : 11 - Penalty Minutes : 16

Official

Referees : Unknown
Linesman : Unknown

Game Notes

No Game Note

Finance

Level 1 -- Attendance: 6000 (100.00%) -- Ticket Income $558,000
Level 2 -- Attendance: 4929 (98.58%) -- Ticket Income $290,811
Level 3 -- Attendance: 2000 (100.00%) -- Ticket Income $78,000
Level 4 -- Attendance: 3717 (92.93%) -- Ticket Income $100,359
Luxury Box -- Attendance: 959 (95.90%) -- Ticket Income $153,440
Game was played at the Duff Garden.
Total Attendance: 17605 (97.81%)
Total Ticket Income: $1,180,610
Other Income: $177,092
Total Income: $1,357,702

Predators

5 vs 5 Forward 
   Center                   Left Wing                Right Wing               Time % Phy DF OF 
 1 Ryan Kesler              Alexander Ovechkin       Brendan Gallagher        40     1   2  2  
 2 Mikael Granlund          James Van Riemsdyk       Niclas Bergfors          30     1   2  2  
 3 Andy Miele               Alexander Steen          Byron Bitz               16     1   2  2  
 4 Nik Antropov             Justin Abdelkader        Adam Burish              14     1   2  2  

5 vs 5 Defense 
   Defense                  Defense                                           Time % Phy DF OF 
 1 Ryan Mcdonagh            Alexander Edler                                   37     1   2  2  
 2 John Moore               Ryan Murray                                       33     1   2  2  
 3 Nate Schmidt             Denis Grebeshkov                                  20     1   2  2  
 4 Ryan Mcdonagh            Alexander Edler                                   10     1   2  2  

PowerPlay Forward 
   Center                   Left Wing                Right Wing               Time % Phy DF OF 
 1 Ryan Kesler              Alexander Ovechkin       Brendan Gallagher        60     1   1  3  
 2 Mikael Granlund          James Van Riemsdyk       Niclas Bergfors          40     1   1  3  

PowerPlay Defense
   Defense                  Defense                                           Time % Phy DF OF 
 1 Ryan Mcdonagh            Alexander Edler                                   51     1   1  3  
 2 John Moore               Ryan Murray                                       49     1   1  3  

Penalty Kill 4 Players Forward 
   Center                   Wing                     Time % Phy DF OF 
 1 Andy Miele               Adam Burish              60     1   2  2  
 2 Alexander Ovechkin       Byron Bitz               40     1   2  2  

Penalty Kill 4 Players Defense
   Defense                  Defense                  Time % Phy DF OF 
 1 Ryan Mcdonagh            Alexander Edler          60     1   2  2  
 2 John Moore               Nate Schmidt             40     1   2  2  

Penalty Kill - 3 Players Forward 
   Forward                                           Time % Phy DF OF 
 1 Adam Burish                                       60     1   3  1  
 2 Brendan Gallagher                                 40     1   3  1  

Penalty Kill - 3 Players Defense
   Defense                  Defense                  Time % Phy DF OF 
 1 Ryan Mcdonagh            Alexander Edler          60     1   3  1  
 2 John Moore               Nate Schmidt             40     1   3  1  

4 vs 4 Forward 
   Center                   Wing                     Time % Phy DF OF 
 1 Ryan Kesler              Alexander Ovechkin       60     1   2  2  
 2 Mikael Granlund          Niclas Bergfors          40     1   2  2  

4 vs 4 Defense
   Defense                  Defense                  Time % Phy DF OF 
 1 Ryan Mcdonagh            Ryan Murray              60     1   2  2  
 2 John Moore               Alexander Edler          40     1   2  2  

Last Minutes Offensive
   Center                   Left Wing                Right Wing               Defense                  Defense                  
   Ryan Kesler              Alexander Ovechkin       Brendan Gallagher        Ryan Mcdonagh            Alexander Edler          

Last Minutes Defensive
   Center                   Left Wing                Right Wing               Defense                  Defense                  
   Mikael Granlund          Alexander Ovechkin       Brendan Gallagher        John Moore               Ryan Mcdonagh            

Goaltenders
Starting : Viktor Fasth             
Backup : Anders Lindback          

Extra Forwards
Normal : Justin Abdelkader, Andy Miele, Alexander Steen - PP : James Van Riemsdyk, Andy Miele - PK : Brendan Gallagher
Extra Defensemen
Normal : Ryan Mcdonagh, Ryan Murray, Denis Grebeshkov - PP : Denis Grebeshkov - PK : Ryan Murray, Nate Schmidt
Penalty Shots
Alexander Ovechkin, Niclas Bergfors, Andy Miele, Mikael Granlund, James Van Riemsdyk

Scratches
Dmitri Kalinin (Healthy)

Golden Knights

5 vs 5 Forward 
   Center                   Left Wing                Right Wing               Time % Phy DF OF 
 1 Matt Stajan              Ilya Kovalchuk           Steve Bernier            30     1   2  2  
 2 Vincent Lecavalier       Alex Tanguay             Wayne Simmonds           30     1   2  2  
 3 Andrei Loktionov         Brandon Bollig           Michael Frolik           25     1   2  2  
 4 Patrice Cormier          Chris Higgins            Damien Brunner           15     1   2  2  

5 vs 5 Defense 
   Defense                  Defense                                           Time % Phy DF OF 
 1 Mathew Dumba             Jared Cowen                                       34     1   2  2  
 2 Michael Kostka           Vladimir Mihalik                                  33     1   2  2  
 3 Zach Bogosian            Jakub Kindl                                       33     1   2  2  
 4 Zach Bogosian            Jared Cowen                                       0      1   2  2  

PowerPlay Forward 
   Center                   Left Wing                Right Wing               Time % Phy DF OF 
 1 Matt Stajan              Chris Higgins            Wayne Simmonds           50     1   2  2  
 2 Andrei Loktionov         Ilya Kovalchuk           Michael Frolik           50     1   2  2  

PowerPlay Defense
   Defense                  Defense                                           Time % Phy DF OF 
 1 Zach Bogosian            Vladimir Mihalik                                  50     1   2  2  
 2 Michael Kostka           Jared Cowen                                       50     1   2  2  

Penalty Kill 4 Players Forward 
   Center                   Wing                     Time % Phy DF OF 
 1 Patrice Cormier          Michael Frolik           50     1   2  2  
 2 Damien Brunner           Ilya Kovalchuk           50     1   2  2  

Penalty Kill 4 Players Defense
   Defense                  Defense                  Time % Phy DF OF 
 1 Zach Bogosian            Mathew Dumba             50     1   2  2  
 2 Michael Kostka           Jared Cowen              50     1   2  2  

Penalty Kill - 3 Players Forward 
   Forward                                           Time % Phy DF OF 
 1 Ilya Kovalchuk                                    50     1   2  2  
 2 Andrei Loktionov                                  50     1   2  2  

Penalty Kill - 3 Players Defense
   Defense                  Defense                  Time % Phy DF OF 
 1 Michael Kostka           Zach Bogosian            70     1   2  2  
 2 Jared Cowen              Vladimir Mihalik         30     1   2  2  

4 vs 4 Forward 
   Center                   Wing                     Time % Phy DF OF 
 1 Wayne Simmonds           Steve Bernier            50     1   2  2  
 2 Andrei Loktionov         Michael Frolik           50     1   2  2  

4 vs 4 Defense
   Defense                  Defense                  Time % Phy DF OF 
 1 Zach Bogosian            Jakub Kindl              50     1   2  2  
 2 Mathew Dumba             Jared Cowen              50     1   2  2  

Last Minutes Offensive
   Center                   Left Wing                Right Wing               Defense                  Defense                  
   Andrei Loktionov         Ilya Kovalchuk           Michael Frolik           Zach Bogosian            Vladimir Mihalik         

Last Minutes Defensive
   Center                   Left Wing                Right Wing               Defense                  Defense                  
   Patrice Cormier          Chris Higgins            Wayne Simmonds           Zach Bogosian            Jared Cowen              

Goaltenders
Starting : Robin Lehner             
Backup : Matt Hackett             

Extra Forwards
Normal : Chris Higgins, Patrice Cormier, Damien Brunner - PP : Alex Tanguay, Steve Bernier - PK : Wayne Simmonds
Extra Defensemen
Normal : Jakub Kindl, Vladimir Mihalik, Michael Kostka - PP : Jakub Kindl - PK : Vladimir Mihalik, Jakub Kindl
Penalty Shots
Ilya Kovalchuk, Michael Frolik, Vincent Lecavalier, Chris Higgins, Matt Stajan

Scratches
None


% Time on Ice - Predators

Lines # - Real PCT - Wanted PCT - Time Play
Normal Forward
1 - 37% - 40% - 14:40
2 - 31% - 30% - 12:13
3 - 18% - 16% - 7:02
4 - 15% - 14% - 6:02
Normal Defense
1 - 39% - 37% - 15:38
2 - 36% - 33% - 14:18
3 - 23% - 20% - 9:07
4 - 2% - 10% - 0:54
PP Forward
1 - 55% - 60% - 6:40
2 - 45% - 40% - 5:27
PP Defense
1 - 55% - 51% - 6:43
2 - 45% - 49% - 5:24
PK Forward
1 - 67% - 60% - 5:17
2 - 33% - 40% - 2:39
PK Defense
1 - 53% - 60% - 4:10
2 - 47% - 40% - 3:46
PK3 Forward
1 - 0% - 60%
2 - 0% - 40%
PK3 Defense
1 - 0% - 60%
2 - 0% - 40%
44 Forward
1 - 0% - 60%
2 - 0% - 40%
44 Defense
1 - 0% - 60%
2 - 0% - 40%
Last Minute Offensive  - 0:00
Last Minute Defensive  - 0:00
Total
Forward - 60:00
Defense - 60:00

% Time on Ice - Golden Knights

Lines # - Real PCT - Wanted PCT - Time Play
Normal Forward
1 - 31% - 30% - 12:15
2 - 31% - 30% - 12:31
3 - 25% - 25% - 10:01
4 - 13% - 15% - 5:10
Normal Defense
1 - 32% - 34% - 12:55
2 - 33% - 33% - 13:00
3 - 35% - 33% - 14:02
4 - 0% - 0% - 0:00
PP Forward
1 - 58% - 50% - 4:36
2 - 42% - 50% - 3:20
PP Defense
1 - 55% - 50% - 4:24
2 - 45% - 50% - 3:32
PK Forward
1 - 51% - 50% - 6:11
2 - 49% - 50% - 5:56
PK Defense
1 - 49% - 50% - 5:55
2 - 51% - 50% - 6:12
PK3 Forward
1 - 0% - 50%
2 - 0% - 50%
PK3 Defense
1 - 0% - 70%
2 - 0% - 30%
44 Forward
1 - 0% - 50%
2 - 0% - 50%
44 Defense
1 - 0% - 50%
2 - 0% - 50%
Last Minute Offensive  - 0:00
Last Minute Defensive  - 0:00
Total
Forward - 60:00
Defense - 60:00

Play-by-Play

1st period


0:01 of 1st period - Ryan Kesler wins face-off versus Matt Stajan in neutral zone.
0:10 of 1st period - Snap shot by Alexander Ovechkin.
0:10 of 1st period - Shot Misses the Net.
0:12 of 1st period - Wrist shot by Alexander Ovechkin.
0:12 of 1st period - Shot Misses the Net.
0:14 of 1st period - Snap shot by Brendan Gallagher.
0:14 of 1st period - Shot Misses the Net.
0:22 of 1st period - Minor Penalty to Matt Stajan for Hooking.
0:23 of 1st period - Ryan Kesler wins face-off versus Patrice Cormier in Golden Knights zone.
0:26 of 1st period - Wrist shot by Ryan Kesler.
0:26 of 1st period - Stopped by Robin Lehner with a rebound.
0:28 of 1st period - Slapshot by Brendan Gallagher.
0:28 of 1st period - Deflect By Ryan Kesler.
0:28 of 1st period - Shot Misses the Net.
0:28 of 1st period - Puck is out of play.
0:29 of 1st period - Ryan Kesler wins face-off versus Michael Frolik in Golden Knights zone.
0:36 of 1st period - Wrist shot by Alexander Ovechkin.
0:36 of 1st period - Shot Misses the Net.
0:38 of 1st period - Slapshot by Ryan Mcdonagh.
0:38 of 1st period - Stopped by Robin Lehner without a rebound.
0:39 of 1st period - Damien Brunner wins face-off versus Mikael Granlund in Golden Knights zone.
0:39 of 1st period - Damien Brunner is hit by Niclas Bergfors.
0:51 of 1st period - Wrist shot by Niclas Bergfors.
0:51 of 1st period - Goal by Niclas Bergfors - Predators : 1 - Golden Knights : 0.
0:52 of 1st period - Mikael Granlund wins face-off versus Vincent Lecavalier in neutral zone.
1:03 of 1st period - Snap shot by Niclas Bergfors.
1:03 of 1st period - Shot Misses the Net.
1:09 of 1st period - John Moore is hit by Alex Tanguay and loses puck.
1:25 of 1st period - Minor Penalty to Vladimir Mihalik for Hooking.
1:26 of 1st period - Damien Brunner wins face-off versus Ryan Kesler in Golden Knights zone.
1:26 of 1st period - Damien Brunner is hit by Alexander Ovechkin.
1:38 of 1st period - Wrist shot by Ilya Kovalchuk.
1:38 of 1st period - Stopped by Viktor Fasth with a rebound.
1:44 of 1st period - Michael Kostka is hit by Brendan Gallagher.
3:25 of 1st period - Penalty to Vladimir Mihalik is over, Vladimir Mihalik is back on ice.
3:38 of 1st period - Vladimir Mihalik is hit by Ryan Mcdonagh and loses puck.
3:58 of 1st period - Off-side.
3:59 of 1st period - Andrei Loktionov wins face-off versus Justin Abdelkader in neutral zone.
4:44 of 1st period - Snap shot by Vincent Lecavalier.
4:44 of 1st period - Stopped by Viktor Fasth without a rebound.
4:45 of 1st period - Ryan Kesler wins face-off versus Matt Stajan in Predators zone.
4:45 of 1st period - Ryan Kesler is hit by Jakub Kindl.
4:51 of 1st period - Backhand shot by Ryan Kesler.
4:51 of 1st period - Shot Blocked by Jakub Kindl.
4:53 of 1st period - Slapshot by Ryan Kesler.
4:53 of 1st period - Stopped by Robin Lehner without a rebound.
4:54 of 1st period - Ryan Kesler wins face-off versus Matt Stajan in Golden Knights zone.
4:55 of 1st period - Snap shot by Brendan Gallagher.
4:55 of 1st period - Shot Misses the Net.
4:57 of 1st period - Slapshot by Nate Schmidt.
4:57 of 1st period - Stopped by Robin Lehner without a rebound.
4:58 of 1st period - Ryan Kesler wins face-off versus Andrei Loktionov in Golden Knights zone.
5:05 of 1st period - Slapshot by Alexander Ovechkin.
5:05 of 1st period - Shot Blocked by Michael Kostka.
5:26 of 1st period - Minor Penalty to Steve Bernier for Tripping.
5:27 of 1st period - Damien Brunner wins face-off versus Ryan Kesler in Golden Knights zone.
5:58 of 1st period - Snap shot by Mikael Granlund.
5:58 of 1st period - Goal by Mikael Granlund - Predators : 2 - Golden Knights : 0.
5:59 of 1st period - Steve Bernier wins face-off versus Ryan Kesler in neutral zone.
6:47 of 1st period - Wrist shot by Justin Abdelkader.
6:47 of 1st period - Stopped by Robin Lehner with a rebound.
6:49 of 1st period - Snap shot by Adam Burish.
6:49 of 1st period - Shot Misses the Net.
6:51 of 1st period - Slapshot by Alexander Edler.
6:51 of 1st period - Shot Blocked by Jared Cowen.
6:53 of 1st period - Slapshot by Alexander Edler.
6:53 of 1st period - Deflect By Justin Abdelkader.
6:53 of 1st period - Stopped by Robin Lehner without a rebound.
6:54 of 1st period - Ryan Kesler wins face-off versus Andrei Loktionov in Golden Knights zone.
6:55 of 1st period - Snap shot by Alexander Ovechkin.
6:55 of 1st period - Shot Blocked by Vladimir Mihalik.
7:03 of 1st period - Wrist shot by Andrei Loktionov.
7:03 of 1st period - Shot Blocked by Ryan Mcdonagh.
7:05 of 1st period - Backhand shot by Vladimir Mihalik.
7:05 of 1st period - Shot Blocked by Alexander Edler.
7:07 of 1st period - Snap shot by Michael Frolik.
7:07 of 1st period - Shot Blocked by Alexander Edler.
7:09 of 1st period - Slapshot by Michael Frolik.
7:09 of 1st period - Shot Blocked by Brendan Gallagher.
7:28 of 1st period - Off-side.
7:29 of 1st period - Andy Miele wins face-off versus Matt Stajan in neutral zone.
7:55 of 1st period - Brendan Gallagher is hit by Damien Brunner and loses puck.
8:00 of 1st period - Snap shot by Chris Higgins.
8:00 of 1st period - Shot Misses the Net.
8:02 of 1st period - Slapshot by Jared Cowen.
8:02 of 1st period - Stopped by Viktor Fasth without a rebound.
8:03 of 1st period - Vincent Lecavalier wins face-off versus Mikael Granlund in Predators zone.
8:10 of 1st period - Wrist shot by Vincent Lecavalier.
8:10 of 1st period - Shot Misses the Net.
8:58 of 1st period - Jared Cowen is hit by Andy Miele and loses puck.
9:25 of 1st period - Slapshot by Ilya Kovalchuk.
9:25 of 1st period - Shot Blocked by Denis Grebeshkov.
10:06 of 1st period - Adam Burish is hit by Patrice Cormier and loses puck.
10:15 of 1st period - Snap shot by Chris Higgins.
10:15 of 1st period - Stopped by Viktor Fasth without a rebound.
10:16 of 1st period - Ryan Kesler wins face-off versus Matt Stajan in Predators zone.
10:38 of 1st period - Icing by Jakub Kindl.
10:39 of 1st period - Matt Stajan wins face-off versus Mikael Granlund in Golden Knights zone.
10:48 of 1st period - Wrist shot by Andrei Loktionov.
10:48 of 1st period - Shot Blocked by John Moore.
10:50 of 1st period - Wrist shot by Brandon Bollig.
10:50 of 1st period - Shot Blocked by James Van Riemsdyk.
10:52 of 1st period - Wrist shot by Michael Frolik.
10:52 of 1st period - Stopped by Viktor Fasth without a rebound.
10:53 of 1st period - Ryan Kesler wins face-off versus Matt Stajan in Predators zone.
11:06 of 1st period - Wrist shot by Ilya Kovalchuk.
11:06 of 1st period - Stopped by Viktor Fasth with a rebound.
11:23 of 1st period - Andy Miele is hit by Damien Brunner and loses puck.
11:46 of 1st period - Snap shot by Mikael Granlund.
11:46 of 1st period - Shot Blocked by Michael Kostka.
11:48 of 1st period - Wrist shot by Niclas Bergfors.
11:48 of 1st period - Deflect By Andrei Loktionov.
11:48 of 1st period - Shot Misses the Net.
11:48 of 1st period - Puck is out of play.
11:49 of 1st period - Matt Stajan wins face-off versus Mikael Granlund in Golden Knights zone.
11:49 of 1st period - Matt Stajan is hit by Mikael Granlund.
12:33 of 1st period - Off-side.
12:34 of 1st period - Andrei Loktionov wins face-off versus Nik Antropov in neutral zone.
12:41 of 1st period - Wrist shot by Michael Frolik.
12:41 of 1st period - Shot Blocked by Alexander Edler.
12:53 of 1st period - Brandon Bollig is hit by Justin Abdelkader and loses puck.
13:02 of 1st period - Snap shot by Andrei Loktionov.
13:02 of 1st period - Shot Misses the Net.
13:04 of 1st period - Wrist shot by Andrei Loktionov.
13:04 of 1st period - Stopped by Viktor Fasth without a rebound.
13:05 of 1st period - Matt Stajan wins face-off versus Ryan Kesler in Predators zone.
13:14 of 1st period - Slapshot by Steve Bernier.
13:14 of 1st period - Shot Misses the Net.
13:22 of 1st period - Matt Stajan is hit by Ryan Kesler and loses puck.
13:37 of 1st period - Slapshot by Wayne Simmonds.
13:37 of 1st period - Stopped by Viktor Fasth with a rebound.
13:39 of 1st period - Slapshot by Vladimir Mihalik.
13:39 of 1st period - Deflect By Wayne Simmonds.
13:39 of 1st period - Shot Blocked by Mikael Granlund.
13:39 of 1st period - Puck is out of play.
13:40 of 1st period - Mikael Granlund wins face-off versus Patrice Cormier in Predators zone.
14:34 of 1st period - Slapshot by Ryan Mcdonagh.
14:34 of 1st period - Stopped by Robin Lehner with a rebound.
15:34 of 1st period - Wrist shot by Alexander Ovechkin.
15:34 of 1st period - Shot Misses the Net.
16:29 of 1st period - Michael Frolik is hit by Alexander Ovechkin and loses puck.
16:38 of 1st period - Wrist shot by Michael Frolik.
16:38 of 1st period - Shot Blocked by John Moore.
16:40 of 1st period - Wrist shot by Brandon Bollig.
16:40 of 1st period - Shot Blocked by Brendan Gallagher.
16:42 of 1st period - Slapshot by Zach Bogosian.
16:42 of 1st period - Shot Blocked by Alexander Ovechkin.
16:44 of 1st period - Snap shot by Brandon Bollig.
16:44 of 1st period - Shot Misses the Net.
17:09 of 1st period - Snap shot by Michael Frolik.
17:09 of 1st period - Deflect By Brandon Bollig.
17:09 of 1st period - Stopped by Viktor Fasth without a rebound.
17:10 of 1st period - Niclas Bergfors wins face-off versus Vincent Lecavalier in Predators zone.
17:12 of 1st period - Minor Penalty to James Van Riemsdyk for High sticking.
17:13 of 1st period - Matt Stajan wins face-off versus Andy Miele in Predators zone.
18:09 of 1st period - Ilya Kovalchuk is hit by Nate Schmidt and loses puck.
18:36 of 1st period - Vladimir Mihalik is hit by Ryan Mcdonagh and loses puck.
19:12 of 1st period - Penalty to James Van Riemsdyk is over, James Van Riemsdyk is back on ice.
19:24 of 1st period - Alex Tanguay is hit by Niclas Bergfors and loses puck.
19:35 of 1st period - Minor Penalty to Steve Bernier for Holding.
19:36 of 1st period - Damien Brunner wins face-off versus Ryan Kesler in Golden Knights zone.
Goals for this period are 2 for Predators vs 0 for Golden Knights.
Shots for this period are 9 for Predators vs 9 for Golden Knights.

2nd period


0:01 of 2nd period - Ryan Kesler wins face-off versus Damien Brunner in neutral zone.
0:08 of 2nd period - Slapshot by Alexander Edler.
0:08 of 2nd period - Stopped by Robin Lehner with a rebound.
0:10 of 2nd period - Snap shot by Ryan Kesler.
0:10 of 2nd period - Stopped by Robin Lehner with a rebound.
0:12 of 2nd period - Snap shot by Alexander Ovechkin.
0:12 of 2nd period - Stopped by Robin Lehner without a rebound.
0:13 of 2nd period - Ryan Kesler wins face-off versus Michael Frolik in Golden Knights zone.
0:38 of 2nd period - Michael Frolik is hit by Mikael Granlund and loses puck.
1:14 of 2nd period - Zach Bogosian is hit by Niclas Bergfors.
1:35 of 2nd period - Penalty to Steve Bernier is over, Steve Bernier is back on ice.
1:55 of 2nd period - Slapshot by Ryan Mcdonagh.
1:55 of 2nd period - Shot Blocked by Michael Kostka.
1:57 of 2nd period - Snap shot by James Van Riemsdyk.
1:57 of 2nd period - Stopped by Robin Lehner without a rebound.
1:58 of 2nd period - Ryan Kesler wins face-off versus Vincent Lecavalier in Golden Knights zone.
2:34 of 2nd period - Slapshot by Alexander Steen.
2:34 of 2nd period - Stopped by Robin Lehner with a rebound.
2:44 of 2nd period - Denis Grebeshkov is hit by Ilya Kovalchuk and loses puck.
2:49 of 2nd period - Snap shot by Matt Stajan.
2:49 of 2nd period - Stopped by Viktor Fasth without a rebound.
2:50 of 2nd period - Ryan Kesler wins face-off versus Matt Stajan in Predators zone.
3:05 of 2nd period - Wrist shot by Ryan Kesler.
3:05 of 2nd period - Shot Misses the Net.
3:20 of 2nd period - Wrist shot by Alexander Ovechkin.
3:20 of 2nd period - Stopped by Robin Lehner with a rebound.
3:32 of 2nd period - Wrist shot by Brendan Gallagher.
3:32 of 2nd period - Shot Misses the Net.
3:34 of 2nd period - Slapshot by Alexander Edler.
3:34 of 2nd period - Shot Misses the Net.
4:34 of 2nd period - Wrist shot by Brendan Gallagher.
4:34 of 2nd period - Stopped by Robin Lehner without a rebound.
4:35 of 2nd period - Mikael Granlund wins face-off versus Vincent Lecavalier in Golden Knights zone.
4:46 of 2nd period - Wrist shot by James Van Riemsdyk.
4:46 of 2nd period - Shot Misses the Net.
5:02 of 2nd period - Patrice Cormier is hit by Byron Bitz.
5:12 of 2nd period - Snap shot by Damien Brunner.
5:12 of 2nd period - Stopped by Viktor Fasth with a rebound.
5:30 of 2nd period - Andrei Loktionov is hit by Ryan Mcdonagh and loses puck.
5:47 of 2nd period - Slapshot by Ryan Mcdonagh.
5:47 of 2nd period - Deflect By Alex Tanguay.
5:47 of 2nd period - Stopped by Robin Lehner without a rebound.
5:48 of 2nd period - Vincent Lecavalier wins face-off versus Mikael Granlund in Golden Knights zone.
6:09 of 2nd period - Minor Penalty to Jakub Kindl for Hooking.
6:10 of 2nd period - Mikael Granlund wins face-off versus Patrice Cormier in Golden Knights zone.
6:15 of 2nd period - Snap shot by Mikael Granlund.
6:15 of 2nd period - Shot Misses the Net.
6:17 of 2nd period - Snap shot by Niclas Bergfors.
6:17 of 2nd period - Shot Blocked by Patrice Cormier.
6:19 of 2nd period - Snap shot by John Moore.
6:19 of 2nd period - Shot Misses the Net.
6:21 of 2nd period - Snap shot by John Moore.
6:21 of 2nd period - Shot Misses the Net.
6:23 of 2nd period - Backhand shot by John Moore.
6:23 of 2nd period - Deflect By James Van Riemsdyk.
6:23 of 2nd period - Shot Misses the Net.
6:23 of 2nd period - Puck is out of play.
6:24 of 2nd period - Damien Brunner wins face-off versus Ryan Kesler in Golden Knights zone.
6:33 of 2nd period - Slapshot by Ryan Mcdonagh.
6:33 of 2nd period - Shot Misses the Net.
8:09 of 2nd period - Penalty to Jakub Kindl is over, Jakub Kindl is back on ice.
8:51 of 2nd period - Slapshot by Jared Cowen.
8:51 of 2nd period - Shot Misses the Net.
8:53 of 2nd period - Wrist shot by Vincent Lecavalier.
8:53 of 2nd period - Deflect By Wayne Simmonds.
8:53 of 2nd period - Shot Blocked by Denis Grebeshkov.
8:53 of 2nd period - Puck is out of play.
8:54 of 2nd period - Mikael Granlund wins face-off versus Vincent Lecavalier in Predators zone.
8:54 of 2nd period - John Moore is hit by Vincent Lecavalier and loses puck.
8:56 of 2nd period - Minor Penalty to Ryan Murray for High sticking.
8:57 of 2nd period - Andy Miele wins face-off versus Matt Stajan in Predators zone.
9:35 of 2nd period - Icing by Chris Higgins.
9:36 of 2nd period - Matt Stajan wins face-off versus Byron Bitz in Golden Knights zone.
9:49 of 2nd period - Off-side.
9:50 of 2nd period - Andy Miele wins face-off versus Andrei Loktionov in neutral zone.
9:53 of 2nd period - Jared Cowen is hit by Ryan Mcdonagh and loses puck.
10:00 of 2nd period - Backhand shot by Andy Miele.
10:00 of 2nd period - Stopped by Robin Lehner with a rebound.
10:56 of 2nd period - Penalty to Ryan Murray is over, Ryan Murray is back on ice.
11:12 of 2nd period - Patrice Cormier is hit by Mikael Granlund and loses puck.
11:57 of 2nd period - Minor Penalty to Byron Bitz for Cross-checking.
11:58 of 2nd period - Matt Stajan wins face-off versus Andy Miele in Predators zone.
11:59 of 2nd period - Slapshot by Zach Bogosian.
11:59 of 2nd period - Stopped by Viktor Fasth with a rebound.
12:13 of 2nd period - Snap shot by Chris Higgins.
12:13 of 2nd period - Stopped by Viktor Fasth with a rebound.
12:32 of 2nd period - Slapshot by Jared Cowen.
12:32 of 2nd period - Stopped by Viktor Fasth without a rebound.
12:33 of 2nd period - Andy Miele wins face-off versus Matt Stajan in Predators zone.
13:57 of 2nd period - Penalty to Byron Bitz is over, Byron Bitz is back on ice.
14:23 of 2nd period - Zach Bogosian is hit by Alexander Ovechkin and loses puck.
14:36 of 2nd period - Snap shot by Justin Abdelkader.
14:36 of 2nd period - Stopped by Robin Lehner with a rebound.
14:46 of 2nd period - Steve Bernier is hit by James Van Riemsdyk and loses puck.
15:03 of 2nd period - Wrist shot by Andrei Loktionov.
15:03 of 2nd period - Stopped by Viktor Fasth without a rebound.
15:04 of 2nd period - Andy Miele wins face-off versus Michael Frolik in Predators zone.
15:36 of 2nd period - Minor Penalty to Alexander Ovechkin for Hooking.
15:37 of 2nd period - Andy Miele wins face-off versus Andrei Loktionov in Predators zone.
15:43 of 2nd period - Snap shot by Adam Burish.
15:43 of 2nd period - Shot Misses the Net.
15:45 of 2nd period - Snap shot by Adam Burish.
15:45 of 2nd period - Stopped by Robin Lehner with a rebound.
15:47 of 2nd period - Slapshot by Alexander Edler.
15:47 of 2nd period - Stopped by Robin Lehner with a rebound.
15:51 of 2nd period - Wrist shot by Andy Miele.
15:51 of 2nd period - Stopped by Robin Lehner with a rebound.
16:12 of 2nd period - Brendan Gallagher is hit by Matt Stajan and loses puck.
16:55 of 2nd period - Slapshot by Ryan Mcdonagh.
16:55 of 2nd period - Deflect By Zach Bogosian.
16:55 of 2nd period - Stopped by Robin Lehner without a rebound.
16:56 of 2nd period - Mikael Granlund wins face-off versus Matt Stajan in Golden Knights zone.
17:28 of 2nd period - Icing by Michael Kostka.
17:29 of 2nd period - Matt Stajan wins face-off versus Brendan Gallagher in Golden Knights zone.
17:36 of 2nd period - Penalty to Alexander Ovechkin is over, Alexander Ovechkin is back on ice.
17:42 of 2nd period - Snap shot by Michael Frolik.
17:42 of 2nd period - Goal by Michael Frolik - Predators : 2 - Golden Knights : 1.
17:43 of 2nd period - Vincent Lecavalier wins face-off versus Brendan Gallagher in neutral zone.
17:54 of 2nd period - Minor Penalty to Wayne Simmonds for High sticking.
17:55 of 2nd period - Ryan Kesler wins face-off versus Damien Brunner in Golden Knights zone.
18:26 of 2nd period - Michael Kostka is hit by Mikael Granlund and loses puck.
19:54 of 2nd period - Penalty to Wayne Simmonds is over, Wayne Simmonds is back on ice.
Goals for this period are 0 for Predators vs 1 for Golden Knights.
Shots for this period are 14 for Predators vs 7 for Golden Knights.

3rd period


0:01 of 3rd period - Vincent Lecavalier wins face-off versus Ryan Kesler in neutral zone.
0:04 of 3rd period - Brendan Gallagher is hit by Alex Tanguay and loses puck.
0:10 of 3rd period - Off-side.
0:11 of 3rd period - Vincent Lecavalier wins face-off versus Ryan Kesler in neutral zone.
0:22 of 3rd period - Slapshot by Brendan Gallagher.
0:22 of 3rd period - Shot Misses the Net.
0:24 of 3rd period - Slapshot by John Moore.
0:24 of 3rd period - Stopped by Robin Lehner without a rebound.
0:25 of 3rd period - Matt Stajan wins face-off versus Ryan Kesler in Golden Knights zone.
0:49 of 3rd period - Icing by Ryan Mcdonagh.
0:50 of 3rd period - Vincent Lecavalier wins face-off versus Ryan Kesler in Predators zone.
1:05 of 3rd period - Wrist shot by Zach Bogosian.
1:05 of 3rd period - Shot Blocked by Alexander Edler.
1:39 of 3rd period - Ryan Murray is hit by Andrei Loktionov and loses puck.
2:58 of 3rd period - Mathew Dumba is hit by Andy Miele and loses puck.
3:31 of 3rd period - Snap shot by Michael Frolik.
3:31 of 3rd period - Stopped by Viktor Fasth with a rebound.
3:43 of 3rd period - Snap shot by Alex Tanguay.
3:43 of 3rd period - Shot Blocked by John Moore.
3:51 of 3rd period - Snap shot by Vincent Lecavalier.
3:51 of 3rd period - Stopped by Viktor Fasth with a rebound.
4:27 of 3rd period - Snap shot by Andy Miele.
4:27 of 3rd period - Shot Blocked by Zach Bogosian.
4:29 of 3rd period - Wrist shot by Alexander Steen.
4:29 of 3rd period - Shot Misses the Net.
4:31 of 3rd period - Wrist shot by Andy Miele.
4:31 of 3rd period - Stopped by Robin Lehner with a rebound.
4:33 of 3rd period - Slapshot by Alexander Steen.
4:33 of 3rd period - Shot Misses the Net.
4:35 of 3rd period - Slapshot by Ryan Murray.
4:35 of 3rd period - Deflect By Alexander Steen.
4:35 of 3rd period - Goal by Alexander Steen - Predators : 3 - Golden Knights : 1.
4:36 of 3rd period - Vincent Lecavalier wins face-off versus Ryan Kesler in neutral zone.
5:28 of 3rd period - Snap shot by Alexander Steen.
5:28 of 3rd period - Stopped by Robin Lehner without a rebound.
5:29 of 3rd period - Vincent Lecavalier wins face-off versus Ryan Kesler in Golden Knights zone.
5:29 of 3rd period - Vincent Lecavalier is hit by Brendan Gallagher.
5:44 of 3rd period - Wrist shot by Vincent Lecavalier.
5:44 of 3rd period - Shot Misses the Net.
6:09 of 3rd period - Steve Bernier is hit by Niclas Bergfors.
6:19 of 3rd period - Backhand shot by Andrei Loktionov.
6:19 of 3rd period - Shot Misses the Net.
6:25 of 3rd period - Michael Frolik is hit by Byron Bitz and loses puck.
6:44 of 3rd period - Snap shot by Jared Cowen.
6:44 of 3rd period - Stopped by Viktor Fasth with a rebound.
6:46 of 3rd period - Wrist shot by Mathew Dumba.
6:46 of 3rd period - Shot Blocked by John Moore.
6:48 of 3rd period - Slapshot by Chris Higgins.
6:48 of 3rd period - Shot Misses the Net.
6:50 of 3rd period - Wrist shot by Chris Higgins.
6:50 of 3rd period - Shot Misses the Net.
7:01 of 3rd period - Off-side.
7:02 of 3rd period - Ryan Kesler wins face-off versus Vincent Lecavalier in neutral zone.
7:05 of 3rd period - Vincent Lecavalier is hit by Nate Schmidt and loses puck.
7:34 of 3rd period - Snap shot by Ilya Kovalchuk.
7:34 of 3rd period - Shot Misses the Net.
7:36 of 3rd period - Wrist shot by Matt Stajan.
7:36 of 3rd period - Shot Misses the Net.
7:38 of 3rd period - Snap shot by Matt Stajan.
7:38 of 3rd period - Deflect By Niclas Bergfors.
7:38 of 3rd period - Shot Misses the Net.
7:38 of 3rd period - Puck is out of play.
7:39 of 3rd period - Andrei Loktionov wins face-off versus Ryan Kesler in Predators zone.
8:30 of 3rd period - Slapshot by John Moore.
8:30 of 3rd period - Shot Blocked by Zach Bogosian.
8:56 of 3rd period - Ryan Murray is hit by Andrei Loktionov and loses puck.
9:30 of 3rd period - Icing by Chris Higgins.
9:31 of 3rd period - Mikael Granlund wins face-off versus Patrice Cormier in Golden Knights zone.
10:08 of 3rd period - Wrist shot by Wayne Simmonds.
10:08 of 3rd period - Stopped by Viktor Fasth without a rebound.
10:09 of 3rd period - Ryan Kesler wins face-off versus Matt Stajan in Predators zone.
10:16 of 3rd period - Ryan Kesler is hit by Matt Stajan and loses puck.
10:48 of 3rd period - James Van Riemsdyk is hit by Alex Tanguay and loses puck.
11:12 of 3rd period - Snap shot by Andy Miele.
11:12 of 3rd period - Stopped by Robin Lehner without a rebound.
11:13 of 3rd period - Matt Stajan wins face-off versus Ryan Kesler in Golden Knights zone.
11:40 of 3rd period - Alexander Edler is hit by Brandon Bollig and loses puck.
12:49 of 3rd period - Snap shot by Michael Frolik.
12:49 of 3rd period - Goal by Michael Frolik - Predators : 3 - Golden Knights : 2.
12:50 of 3rd period - Ryan Kesler wins face-off versus Vincent Lecavalier in neutral zone.
12:53 of 3rd period - Snap shot by Ryan Kesler.
12:53 of 3rd period - Shot Misses the Net.
12:56 of 3rd period - Icing by Wayne Simmonds.
12:57 of 3rd period - Vincent Lecavalier wins face-off versus Ryan Kesler in Golden Knights zone.
12:57 of 3rd period - Vincent Lecavalier is hit by Ryan Murray.
13:07 of 3rd period - Ryan Kesler is hit by Michael Kostka and loses puck.
13:29 of 3rd period - Wrist shot by Matt Stajan.
13:29 of 3rd period - Stopped by Viktor Fasth with a rebound.
13:31 of 3rd period - Wrist shot by Steve Bernier.
13:31 of 3rd period - Stopped by Viktor Fasth without a rebound.
13:32 of 3rd period - Mikael Granlund wins face-off versus Vincent Lecavalier in Predators zone.
13:47 of 3rd period - Wrist shot by Alex Tanguay.
13:47 of 3rd period - Stopped by Viktor Fasth with a rebound.
13:59 of 3rd period - Steve Bernier is hit by Ryan Kesler and loses puck.
14:06 of 3rd period - Wrist shot by Brendan Gallagher.
14:06 of 3rd period - Stopped by Robin Lehner with a rebound.
14:08 of 3rd period - Backhand shot by Nate Schmidt.
14:08 of 3rd period - Stopped by Robin Lehner with a rebound.
14:10 of 3rd period - Snap shot by Alexander Ovechkin.
14:10 of 3rd period - Shot Blocked by Ilya Kovalchuk.
14:20 of 3rd period - Slapshot by Michael Frolik.
14:20 of 3rd period - Shot Misses the Net.
14:31 of 3rd period - Minor Penalty to Zach Bogosian for Hooking.
14:32 of 3rd period - Ryan Kesler wins face-off versus Damien Brunner in Golden Knights zone.
14:32 of 3rd period - Slapshot by Alexander Ovechkin.
14:32 of 3rd period - Stopped by Robin Lehner without a rebound.
14:33 of 3rd period - Damien Brunner wins face-off versus Ryan Kesler in Golden Knights zone.
14:46 of 3rd period - Slapshot by Ryan Mcdonagh.
14:46 of 3rd period - Stopped by Robin Lehner without a rebound.
14:47 of 3rd period - Damien Brunner wins face-off versus Alexander Ovechkin in Golden Knights zone.
15:56 of 3rd period - Snap shot by Niclas Bergfors.
15:56 of 3rd period - Stopped by Robin Lehner without a rebound.
15:57 of 3rd period - Ryan Kesler wins face-off versus Damien Brunner in Golden Knights zone.
16:31 of 3rd period - Penalty to Zach Bogosian is over, Zach Bogosian is back on ice.
17:18 of 3rd period - Denis Grebeshkov is hit by Andrei Loktionov and loses puck.
17:25 of 3rd period - Wrist shot by Andrei Loktionov.
17:25 of 3rd period - Shot Misses the Net.
17:27 of 3rd period - Slapshot by Jared Cowen.
17:27 of 3rd period - Shot Blocked by Byron Bitz.
17:49 of 3rd period - Icing by James Van Riemsdyk.
17:50 of 3rd period - Matt Stajan wins face-off versus Mikael Granlund in Predators zone.
18:13 of 3rd period - Denis Grebeshkov is hit by Jakub Kindl and loses puck.
18:24 of 3rd period - Snap shot by Chris Higgins.
18:24 of 3rd period - Shot Misses the Net.
18:30 of 3rd period - Snap shot by James Van Riemsdyk.
18:30 of 3rd period - Shot Misses the Net.
18:32 of 3rd period - Slapshot by Ryan Mcdonagh.
18:32 of 3rd period - Stopped by Robin Lehner with a rebound.
18:34 of 3rd period - Slapshot by Alexander Edler.
18:34 of 3rd period - Shot Blocked by Zach Bogosian.
18:36 of 3rd period - Slapshot by Ryan Mcdonagh.
18:36 of 3rd period - Stopped by Robin Lehner without a rebound.
18:37 of 3rd period - Andrei Loktionov wins face-off versus Nik Antropov in Golden Knights zone.
18:37 of 3rd period - Andrei Loktionov is hit by Ryan Murray.
18:48 of 3rd period - Minor Penalty to Mathew Dumba for Goalie Interference.
18:49 of 3rd period - Damien Brunner wins face-off versus Ryan Kesler in Golden Knights zone.
Goals for this period are 1 for Predators vs 1 for Golden Knights.
Shots for this period are 12 for Predators vs 8 for Golden Knights.